 Dungeon Crawl Stone Soup version 0.28.0 (webtiles) character file.

Game seed: 10657546313277286139

3049 pkoi the Ruffian (level 9, -8/79 HPs)
             Began as a Green Draconian Monk on Feb 17, 2022.
             Was a Priest of Makhleb.
             Mangled by a two-headed ogre (16 damage)
             ... on level 7 of the Dungeon.
             The game lasted 00:08:12 (7954 turns).

pkoi the Ruffian (Green Draconian Monk)             Turns: 7954, Time: 00:08:13

Health: -8/79      AC: 10    Str: 14    XL:     9   Next: 57%
Magic:  13/13      EV: 17    Int: 15    God:    Makhleb [***...]
Gold:   340        SH:  0    Dex: 27    Spells: 8/8 levels left

rFire   . . .      SeeInvis +   f - +12 whip of Ghostly Honour {speed, *Rage rPois Dex+8 Stlth-}
rCold   . . .      Faith    .   (no shield)
rNeg    . . .      Spirit   .   (armour unavailable)
rPois   +          Reflect  .   (helmet restricted)
rElec   .          Harm     .   j - +1 cloak
rCorr   .          Rampage  .   (no gloves)
Will    .....      Rage     20% x - +0 pair of boots
Stlth   ++........              (no amulet)
HPRegen 0.23/turn               t - +6 ring of dexterity
MPRegen 0.13/turn               v - ring of see invisible

@: short of breath, marked, on berserk cooldown, slowed, very slow
A: breathe noxious fumes, AC +7, unfitting armour, poison resistance,
cold-blooded
a: Breathe Noxious Fumes, Renounce Religion, Minor Destruction, Lesser Servant
of Makhleb


You were on level 7 of the Dungeon.
You worshipped Makhleb.
Makhleb was most pleased with you.
You visited 2 branches of the dungeon, and saw 8 of its levels.

You collected 340 gold pieces.

Inventory:

Hand Weapons
 b - a +1 short sword
 f - the +12 whip of Ghostly Honour (weapon) {speed, *Rage rPois Dex+8 Stlth-}
   (You found it on level 2 of the Dungeon)

   Attacks with this weapon are significantly faster.
   Dex:       It affects your dexterity (+8).
   rPois:     It protects you from poison.
   *Rage:     It berserks you when you make melee attacks (+20% chance).
   Stlth:     It makes you less stealthy.
Armour
 j - a +1 cloak (worn)
 x - a +0 pair of boots (worn)
Jewellery
 t - a +6 ring of dexterity (left hand)
 v - a ring of see invisible (right hand)
Wands
 n - a wand of polymorph (7)
 q - a wand of charming (4)
 u - a wand of mindburst (17)
Scrolls
 e - 2 scrolls of amnesia
 k - 2 scrolls of blinking
 m - 4 scrolls of identify
 w - 2 scrolls of teleportation
Potions
 a - a potion of lignification {unknown}
 c - 3 potions of attraction {unknown}
 d - a potion of heal wounds
 g - a potion of invisibility
 h - a potion of might {unknown}
 i - a potion of flight {unknown}
 l - a potion of brilliance {unknown}
 o - a potion of resistance {unknown}
 p - a potion of haste {unknown}
 r - a potion of cancellation {unknown}
 s - a potion of degeneration {unknown}


   Skills:
 + Level 7.3 Fighting
 - Level 3.0 Maces & Flails
 + Level 6.1 Dodging
 - Level 1.7 Stealth
 + Level 7.9 Unarmed Combat
 + Level 5.7 Invocations
 + Level 3.5 Evocations


You had 8 spell levels left.
You didn't know any spells.
Your spell library was empty.

Dungeon Overview and Level Annotations

Branches:
Dungeon (7/15)             Temple (1/1) D:6

Altars:
Ashenzari
Cheibriados
Dithmenos
Elyvilon
Gozag
Hepliaklqana
Kikubaaqudgha
Makhleb
Nemelex Xobeh
Okawaru
Qazlal
Sif Muna
Trog
Uskayaw
Xom
Yredelemnul
Zin
The Shining One

Shops:
D:7 :(


Innate Abilities, Weirdness & Mutations

You can breathe blasts of noxious fumes.
Your lurid green scales are hard. (AC +7)
You cannot fit into any form of body armour.
Your system is resistant to poisons. (rPois)
You are cold-blooded and may be slowed by cold attacks.


Message History

You kill the jelly!
Makhleb accepts your kill.
You see here a bullfrog corpse.
You feel a strong urge to attack something.
Found a scroll labelled GULIS XEOM.
You are no longer berserk.
You are exhausted.
You feel yourself slow down.
Aiming: Breathe Noxious Fumes (4% risk of failure)
Press: ? - help, Shift-Dir - straight line, f - two-headed ogre
Aim: a two-headed ogre, wielding a +0 giant spiked club and a +0 giant club (81% to hit)
You exhale a blast of noxious fumes.
The blast of choking fumes misses the two-headed ogre.
The two-headed ogre is engulfed in noxious fumes.
The two-headed ogre appears confused.
A gnoll comes into view. It is wielding a +0 club.
The two-headed ogre is engulfed in noxious fumes.
The two-headed ogre is engulfed in noxious fumes.
The two-headed ogre appears confused.
The two-headed ogre misses you.
The two-headed ogre hits you with a +0 giant club!
* * * LOW HITPOINT WARNING * * *
An orc comes into view. It is wielding a +0 mace.
An orc wizard comes into view. It is wielding a +0 dagger.
A gnoll comes into view. It is wielding a +0 spear.
You barely miss the orc. The orc hits you with a +0 mace.
* * * LOW HITPOINT WARNING * * *
You whack the orc!
You kill the orc!
Makhleb accepts your kill.
You feel better.
The two-headed ogre seems less confused.
The orc wizard closely misses you.
You see here a +0 mace.
The two-headed ogre hits you with a +0 giant spiked club!!
* * * LOW HITPOINT WARNING * * *
The two-headed ogre misses you. The gnoll closely misses you.
The two-headed ogre barely misses you.
The two-headed ogre hits you with a +0 giant club!
You die...

.....#.g####)#.# ..# #.....#
#.#.##...## #.....####.#.......#
#.......g......#.#
##..####g####..# #.## #.# ?.#
#.# #o# .# #.# #O# # ####.# #@#
#. ### # ##...## #.# #... ..#
###.#...).## #.# #..# #.+
...........# #.# #..# #.###
##....∩...## #.# #..#####.#.#
.........†..###.# #.. .....#.#+
.##.#.....##.##.####.#####..#...
...##...####........[[).......#
###. #.#####.#####.#[#####..#.##


You could see a two-headed ogre, an orc wizard and 2 gnolls.

Vanquished Creatures
  Harold (D:7)
  A wyvern (D:7)
  A steam dragon (D:7)
  A black bear (D:7)
  2 ice beasts
  4 ogres
  A necrophage (D:4)
  2 kobold brigands
  A phantom (D:5)
  A wyvern zombie (D:6)
  A bullfrog (D:7)
  2 scorpions
  A water moccasin zombie (D:5)
  A water moccasin skeleton (D:4)
  5 wights
  A howler monkey (D:6)
  A bullfrog zombie (D:6)
  2 hounds (D:5)
  2 jellies
  A gnoll shaman (D:7)
  A centaur skeleton (D:6)
  4 bullfrog skeletons
  An iguana (D:4)
  An orc wizard (D:5)
  A killer bee zombie (D:6)
  2 hound skeletons (D:4)
  Robin (D:3)
  7 adders
  5 gnolls
  A shadow imp (D:6)
  A white imp (D:6)
  2 worms
  3 dart slugs
  5 orcs
  4 ball pythons
  6 endoplasms
  3 giant cockroaches
  12 goblins
  8 hobgoblins
  3 quokkas
  4 bats
  13 frilled lizards
  16 kobolds
  10 rats
146 creatures vanquished.

Vanquished Creatures (collateral kills)
  2 kobolds (D:6)
2 creatures vanquished.

Vanquished Creatures (others)
  29 plants (D:1)
29 creatures vanquished.

Grand Total: 177 creatures vanquished

Notes
Turn   | Place    | Note
-------+----------+-------------------------------------------
     0 | D:1      | pkoi the Draconian Monk began the quest for the Orb.
     0 | D:1      | Reached XP level 1. HP: 19/19 MP: 1/1
   222 | D:1      | Reached XP level 2. HP: 18/26 MP: 2/2
  1261 | D:1      | Reached XP level 3. HP: 31/31 MP: 3/3
  1592 | D:1      | Found a faded altar of an unknown god.
  2117 | D:2      | Identified the +12 whip of Ghostly Honour {speed, *Rage
                  | rPois Dex+8 Stlth-}
  2221 | D:2      | Reached XP level 4. HP: 38/38 MP: 4/4
  2231 | D:2      | Reached skill level 5 in Unarmed Combat
  3231 | D:3      | Noticed Robin
  3239 | D:3      | Killed Robin
  3375 | D:3      | Found a stormy altar of Qazlal.
  3376 | D:3      | Noticed an earth elemental
  3377 | D:3      | Noticed an air elemental
  3377 | D:3      | Noticed a water elemental
  3377 | D:3      | Noticed a fire elemental
  3819 | D:4      | Reached XP level 5. HP: 46/46 MP: 5/5
  3999 | D:4      | Found a snail-covered altar of Cheibriados.
  4011 | D:4      | Found a burning altar of Makhleb.
  4012 | D:4      | Noticed a necrophage
  4020 | D:4      | Killed a necrophage
  4021 | D:4      | Reached skill level 1 in Maces & Flails
  4021 | D:4      | Reached XP level 6. HP: 52/52 MP: 6/6
  4059 | D:4      | Became a worshipper of Makhleb the Destroyer
  4059 | D:4      | Reached * piety under Makhleb
  4059 | D:4      | Reached ** piety under Makhleb
  4511 | D:4      | Found a sparkling altar of Nemelex Xobeh.
  4546 | D:4      | Reached skill level 1 in Invocations
  4752 | D:5      | Entered Level 5 of the Dungeon
  4819 | D:5      | Your scales start taking on a lurid green colour.
  4819 | D:5      | Reached XP level 7. HP: 60/60 MP: 8/8
  4819 | D:5      | Gained mutation: Your system is resistant to poisons.
                  | (rPois) [Green Draconian growth]
  4968 | D:5      | Found a glowing silver altar of Zin.
  5115 | D:5      | Reached skill level 5 in Fighting
  5156 | D:5      | Found a shadowy altar of Dithmenos.
  5506 | D:5      | Found a shimmering blue altar of Sif Muna.
  5810 | D:6      | Reached XP level 8. HP: 69/69 MP: 10/10
  6213 | D:6      | Found a basalt altar of Yredelemnul.
  6281 | D:6      | Found an opulent altar of Gozag.
  6801 | D:6      | Reached skill level 5 in Dodging
  7002 | D:6      | Found a staircase to the Ecumenical Temple.
  7011 | Temple   | Entered the Ecumenical Temple
  7415 | D:7      | Found Dabesat's Book Boutique.
  7468 | D:7      | Reached skill level 1 in Evocations
  7662 | D:7      | Reached XP level 9. HP: 74/76 MP: 12/12
  7667 | D:7      | Reached *** piety under Makhleb
  7840 | D:7      | Reached skill level 5 in Invocations
  7897 | D:7      | Found Ifriyhufel's Weapon Shop.
  7917 | D:7      | Noticed Harold
  7930 | D:7      | Killed Harold
  7936 | D:7      | Noticed a two-headed ogre
  7954 | D:7      | Mangled by a two-headed ogre

Illustrated notes

Levels and vault maps discovered:
D:1:      minmay_arrival_wavy_path, layout_basic,
          shapermc_ecumenical_altar_notcrosses, serial_bayou_lagoon_a,
          minmay_lizard_king
D:2:      layout_rooms
D:3:      layout_loops_corners, nicolae_qazlal_style_of_elements, uniq_robin
D:4:      layout_gridville, nemelex_spade_bored_becter,
          makhleb_blood_cavern_becter, cheibriados_altar_1,
          hangedman_decor_opposing
D:5:      layout_layer_cave, tgw_sif, mainiacjoe_overflow_alcove_4,
          minmay_misc_feat_secret_circle, kennysheep_flooded_box
D:6:      layout_basic, nicolae_gozag_cash_rules_everything_around_me,
          lemuel_coloured_pillars_altar, minmay_temple_entry_antechambers
D:7:      layout_loops_ring, serial_shops, nicolae_shop_hallway_plus,
          nicolae_shop_bloodbath_and_beyond, kennysheep_mini_moat,
          nicolae_shop_trees, st_stairs_4, hangedman_decor_push,
          minmay_circle_x, uniq_harold, uniq_duvessa
Temple:   eino_temple_lava

Skill      XL: |  1  2  3  4  5  6  7  8  9 |
---------------+----------------------------+-----
Unarmed Combat | 4 5 6 7 |  7.9
Dodging        | 3 4 5 6 |  6.1
Fighting       | 4 5 6 7 |  7.3
Maces & Flails | 1 2 3 |  3.0
Invocations    | 1 3 4 5 |  5.7
Evocations     | 2 3 |  3.5
Stealth        | |  1.7

Action                   |  1- 3 |  4- 6 |  7- 9 || total
-------------------------+-------+-------+-------++-------
Melee: Unarmed           |    16 |       |       ||    16
       Short sword       |   140 |       |       ||   140
       Tailslap          |    14 |     8 |    20 ||    42
       Punch             |     3 |       |     5 ||     8
       Whip              |     8 |    79 |   153 ||   240
 Abil: Breathe Noxious F |       |       |     2 ||     2
  Use: Scroll            |     2 |     4 |     3 ||     9
 Stab: Sleeping          |     5 |     1 |     1 ||     7
Armor: Skin              |    86 |    15 |    23 ||   124
Dodge: Dodged            |   133 |    31 |    71 ||   235
